 Dungeon Crawl Stone Soup version 0.28.0-49-g6dfe1f597d (webtiles) character file.

Game seed: 13664439788959586458

149 Zeld the Changer (level 5, -5/33 (39) HPs)
             Began as an Octopode Transmuter on May 14, 2022.
             Slain by a hell rat (12 damage)
             ... in a sewer.
             The game lasted 00:03:35 (4853 turns).

Zeld the Changer (Octopode Transmuter)              Turns: 4853, Time: 00:03:36

HP:   -5/33 (39)    AC:  6    Str: 11    XL:     5   Next: 31%
MP:   6/9           EV: 10    Int: 15    God:
Gold: 169           SH:  0    Dex: 13    Spells: 0/10 levels left

rFire   x . .      SeeInvis .     - Unarmed
rCold   + + +      Faith    .   (shield currently unavailable)
rNeg    . . .      Spirit   .   (helmet currently unavailable)
rPois   +          Reflect  .   (no amulet)
rElec   .          Harm     .   (no ring)
rCorr   .          Rampage  .   (no ring)
Will    .....                   (no ring)
Stlth   +.........              (no ring)
HPRegen 0.11/turn               (no ring)
MPRegen 0.11/turn               (no ring)
                                (no ring)
                                (no ring)

@: ice-form, heavily drained
A: freezing attack, boosted hp, almost no armour, amphibious, 8 rings, large,
(camouflage 1), (gelatinous body 1), (nimble swimmer 1), (tentacles)
a: End Transformation


You were in a sewer.
You were a creature of crystalline ice.
You visited 1 branch of the dungeon, and saw 4 of its levels.
You also visited: Sewer.

You collected 229 gold pieces.
You spent 60 gold pieces at shops.

Inventory:

Scrolls
 a - a scroll of immolation {unknown}
 b - 2 scrolls of identify {unknown}
 c - a scroll of noise {unknown}
 h - 2 scrolls of fog {unknown}
 i - a scroll of holy word {unknown}
 l - a scroll of torment {unknown}
Potions
 d - 4 potions of curing
 e - 2 potions of haste {unknown}
 f - a potion of heal wounds {unknown}
 g - a potion of degeneration {unknown}
 j - 2 potions of magic {unknown}
 k - a potion of lignification {unknown}


   Skills:
 - Level 1.0 Fighting
 + Level 2.5 Dodging
 - Level 3.0 Unarmed Combat
 * Level 3.0 Spellcasting
 * Level 3.4 Transmutations
 + Level 1.4 Ice Magic
 + Level 1.8 Poison Magic


You couldn't memorise any spells.
You knew the following spells:

 Your Spells              Type           Power      Damage    Failure   Level
a - Beastly Appendage     Tmut           24%        N/A       4%          1
b - Wereblood             Tmut           12%        N/A       7%          2
c - Spider Form           Tmut/Pois      10%        N/A       21%         3
d - Ice Form              Ice/Tmut       9%         N/A       58%         4

Your spell library contained the following spells:

 Spells                   Type           Power      Damage    Failure   Level


Dungeon Overview and Level Annotations

Branches:
Dungeon (4/15)              Sewer (1/1)
 Temple: D:4-7

Altars:
Vehumet

Shops:
D:2 *   D:3 (


Innate Abilities, Weirdness & Mutations

You are a creature of crystalline ice.
You have a powerful freezing melee attack.
Your maximum health is increased.
Your armour is entirely melded.
You are incapable of wielding weapons or throwing items.
You cannot wear most types of armour.
You are amphibious.
You can wear up to eight rings at the same time.
((Your skin changes colour to match your surroundings (Stealth+).))
((Your rubbery body absorbs attacks. (AC +1, EV +1)))
((You are camouflaged when in or above water. (Stealth+)))
((You have tentacles for arms and can constrict up to eight enemies at once.))


Message History

You start resting.
HP restored.
Casting: Ice Form (potentially lethal; 58% risk of failure)
Confirm with . or Enter, or press ? or * to list all spells.
The spell is potentially lethal to miscast (58% risk of failure)!
Continue anyway?
You turn into a creature of crystalline ice.
You open the door.
A hell rat comes into view.
Found seven items.
Found a gate leading back out of this place.
The hell rat roars deafeningly!
There is an open door here.
You hit the hell rat. You freeze the hell rat.
The hell rat is moderately wounded.
The hell rat barely misses you. The hell rat bites you!
You feel drained.
You hit the hell rat but do no damage.
The hell rat is moderately wounded.
The hell rat bites you!
* * * LOW HITPOINT WARNING * * *
You feel drained.
* * * LOW HITPOINT WARNING * * *
You are too injured to fight recklessly!
You barely miss the hell rat.
The hell rat is moderately wounded.
The hell rat splashes around in the water.
You barely miss the hell rat.
The hell rat is moderately wounded.
The hell rat bites you.
* * * LOW HITPOINT WARNING * * *
You feel drained.
Unknown command.
You hit the hell rat but do no damage.
The hell rat is moderately wounded.
The hell rat barely misses you.
Unknown command.
There is an open door here.
You hit the hell rat. You freeze the hell rat.
The hell rat is severely wounded.
The hell rat bites you!
You die...

###...###
#.≈≈≈.≈≈#
##≈≈...≈≈##
#≈.≈###≈≈.#
##≈≈##.##≈.##
#†≈.#.≈.#≈≈.#
#≈.##?.≈##≈.#
#..#?!≈≈≈#≈≈#
#†∩#∩!≈≈rY≈≈#
#..#(!≈≈≈#≈≈#
#≈≈##).≈##≈.#
#≈.≈#≈≈.#≈..#
##.≈##≈##≈≈##
#.≈.###..≈#
##≈.≈≈÷≈≈##
#..≈≈..≈#
###≈.≈###


You could see a hell rat.

Vanquished Creatures
  4 adders
  2 river rats (Sewer)
  3 gnolls (D:3)
  3 dart slugs
  3 endoplasms
  5 giant cockroaches
  5 goblins
  2 hobgoblins
  5 quokkas
  4 ball pythons
  6 bats
  5 frilled lizards
  5 kobolds
  12 rats
64 creatures vanquished.

Notes
Turn   | Place    | Note
-------+----------+-------------------------------------------
     0 | D:1      | Zeld the Octopode Transmuter began the quest for the Orb.
     0 | D:1      | Reached XP level 1. HP: 13/13 MP: 3/3
     5 | D:1      | Noticed a black mamba
    77 | D:1      | Reached XP level 2. HP: 18/18 MP: 3/5
    80 | D:1      | Learned a level 2 spell: Wereblood
   751 | D:1      | Found a faded altar of an unknown god.
   753 | D:1      | Reached XP level 3. HP: 23/23 MP: 4/6
   757 | D:1      | Learned a level 3 spell: Spider Form
  1144 | D:2      | Reached skill level 1 in Poison Magic
  1612 | D:2      | Reached skill level 1 in Ice Magic
  1792 | D:2      | Reached XP level 4. HP: 28/28 MP: 5/7
  1979 | D:2      | Found Rateg's General Store.
  1987 | D:2      | Bought a potion of curing for 30 gold pieces
  1987 | D:2      | Bought a potion of curing for 30 gold pieces
  2418 | D:3      | Found a radiant altar of Vehumet.
  2512 | D:3      | Found Sazuetud's Weapon Boutique.
  3470 | D:3      | Reached XP level 5. HP: 13/33 MP: 6/9
  4140 | D:4      | Found a glowing drain.
  4144 | Sewer    | Entered a sewer
  4421 | Sewer    | Learned a level 4 spell: Ice Form
  4853 | Sewer    | Slain by a hell rat

Illustrated notes

Levels and vault maps discovered:
D:1:      sevenhm_arrival_forest_fort_small_2, layout_basic,
          hellmonk_ecumenical_altar_zigzags, serial_bayou_pond_d
D:2:      layout_basic, serial_shops, nicolae_lakefront_shop, corner_web_ring,
          chequers_serial_rivers_micro_a
D:3:      layout_basic, lemuel_tele_altar, serial_shops, shop,
          nrook_loot_triangle, mrwooster_statue_mirror
D:4:      layout_basic, gup_sewer_entry_bowl, uniq_duvessa, uniq_eustachio
Sewer:    sewer_hellmonk_bad_rat

Skill      XL: |  1  2  3  4  5 |
---------------+----------------+-----
Poison Magic   | 1 |  1.8
Ice Magic      | 1 |  1.4
Transmutations | 3 |  3.4
Spellcasting   | 3 |  3.0
Fighting       | |  1.0
Dodging        | |  2.5
Unarmed Combat | |  3.0

Action                   |  1- 3 |  4- 6 || total
-------------------------+-------+-------++-------
Melee: Unarmed           |    71 |    68 ||   139
       Constrict         |    20 |    13 ||    33
       Kick              |    14 |    16 ||    30
       Tentacles         |    13 |     4 ||    17
       Punch             |     1 |     2 ||     3
 Cast: Beastly Appendage |    25 |    18 ||    43
       Spider Form       |       |     2 ||     2
       Ice Form          |       |     1 ||     1
 Stab: Sleeping          |     6 |     4 ||    10
Armor: Skin              |    11 |     3 ||    14
Dodge: Dodged            |    46 |    38 ||    84
